 Dungeon Crawl Stone Soup version 0.29.0-4-gdea44cf6ec (webtiles) character file.

Game seed: 17144369139624680709

655 qw the Chopper (level 7, 0/57 HPs)
             Began as a Demonspawn Cinder Acolyte on Sept 9, 2022.
             Was a Priest of Ignis.
             Slain by a yak (11 damage)
             ... on level 5 of the Dungeon.
             The game lasted 00:01:42 (5278 turns).

qw the Chopper (Demonspawn Cinder Acolyte)          Turns: 5278, Time: 00:01:42

Health: 0/57       AC: 14    Str: 16    XL:     7   Next: 29%
Magic:  8/8        EV:  9    Int: 15    God:    Ignis [***...]
Gold:   124        SH:  0    Dex:  9    Spells: 8/8 levels left

rFire   + . .      SeeInvis .   Y - +1 war axe
rCold   . . .      Faith    .   (no shield)
rNeg    . . .      Spirit   .   i - +0 plate armour
rPois   .          Reflect  .   (helmet restricted)
rElec   .          Harm     .   c - +0 cloak
rCorr   .          Rampage  .   (no gloves)
Will    .....                   (no boots)
Stlth   ..........              (no amulet)
HPRegen 0.19/turn               g - +4 ring of evasion
MPRegen 0.11/turn               (no ring)

@: about to teleport
A: horns 2, rugged brown scales 2
a: Renounce Religion, Fiery Armour, Foxfire Swarm, Rising Flame


You were on level 5 of the Dungeon.
You worshipped Ignis.
Ignis was most pleased with you.
You visited 1 branch of the dungeon, and saw 5 of its levels.
You also visited: Sewer.

You collected 259 gold pieces.
You spent 135 gold pieces at shops.


Innate Abilities, Weirdness & Mutations

You have a pair of horns on your head.
You are mostly covered in rugged brown scales. (AC +2, +5% HP)


   Skills:
 - Level 4.4 Fighting
 + Level 6.0 Axes
 - Level 1.0 Throwing
 - Level 3.0 Armour
 - Level 1.0 Dodging
 - Level 1.0 Spellcasting
 - Level 2.6 Fire Magic


You had 8 spell levels left.
You didn't know any spells.
Your spell library contained the following spells:

 Spells                   Type           Power      Damage    Failure   Level
 Scorch                   Fire           16%        2d6       100%        2

Inventory:

Hand Weapons
 e - a +0 flail
 Y - a +1 war axe (weapon)
Armour
 c - a +0 cloak (worn)
 i - a +0 plate armour (worn)
Jewellery
 g - a +4 ring of evasion (left hand)
Scrolls
 d - a scroll of identify
Potions
 a - a potion of degeneration {unknown}
 f - a potion of might
 h - a potion of resistance {unknown}
 k - a potion of mutation {unknown}
 l - 2 potions of haste
 m - a potion of heal wounds

Dungeon Overview and Level Annotations

Branches:
Dungeon (5/15)              Sewer (visited)
 Temple: D:4-7

Altars:
Cheibriados
Fedhas
Vehumet

Shops:
D:3 *

Annotations:
D:4 2 transporters, qw's ghost, novice BaCK


Message History

The yak is lightly wounded.
The yak gores you but does no damage.
You slash the yak! Your headbutt misses the yak.
The yak is moderately wounded.
The yak barely misses you.
You barely miss the yak.
The yak is moderately wounded.
The yak bellows!
The yak gores you!
You barely miss the yak.
The yak is moderately wounded.
The yak gores you! The yak gores you but does no damage.
You barely miss the yak.
The yak bellows!
Your headbutt misses the yak.
The yak is moderately wounded.
The yak barely misses you.
You barely miss the yak.
The yak is moderately wounded.
The yak bellows!
You hit the yak. The yak closely misses you.
The yak gores you but does no damage.
You hit the yak.
The yak is heavily wounded.
You hit the yak.
The yak gores you but does no damage. x2
You hit the yak. You headbutt the yak, but do no damage.
The yak is heavily wounded.
You hit the yak. The yak barely misses you.
You slash the yak!
The yak is severely wounded.
You slash the yak! The yak gores you. The yak gores you!
The yak completely misses you. The yak gores you!
The yak gores you but does no damage.
5278 ||| READING scroll of teleportation.
As you read the scroll of teleportation, it crumbles to dust.
You feel strangely unstable. The yak gores you!
You die...

#..###.####...## #.....#
#..#...## #.....#####.###.#
.....#...# ##............#.#
###.###..........#######.#.#.##
#. #...######.# #......# #.
##### #.# #...##.# # ##+##
#...# .# ##...## #...##.#
##Y@...## #....#.# Y
##.YYY...## #....#.#
....###.........###......#
(.Y...'........)':.......#
Y...###.......^.##.......# ..
##.......###.##..#.# ##.....##
#.###.#.# ##...## #.##..#.# #.
##+## #.##.##.#


You could see 4 yaks.

Vanquished Creatures
  2 centaurs (D:5)
  3 kobold brigands (Sewer)
  An orc priest (D:5)
  An iguana (D:5)
  Robin (D:3)
  3 gnolls (D:2)
  4 adders
  2 river rats (D:5)
  A shadow imp (D:5)
  An ufetubus (D:4)
  3 worms
  4 dart slugs
  8 orcs
  6 bats
  4 endoplasms
  A giant cockroach (D:5)
  18 goblins
  12 hobgoblins
  3 quokkas
  13 ball pythons
  5 frilled lizards
  18 kobolds
  6 rats
120 creatures vanquished.

Vanquished Creatures (others)
  7 plants (Sewer)
7 creatures vanquished.

Grand Total: 127 creatures vanquished

Notes
Turn   | Place    | Note
-------+----------+-------------------------------------------
     0 | D:1      | qw the Demonspawn Cinder Acolyte began the quest for the
                  | Orb.
     0 | D:1      | Reached XP level 1. HP: 18/18 MP: 2/2
     0 | D:1      | 0 ||| qw: Version: 0.1-a-113-g051387a
     0 | D:1      | 0 ||| qw: Game counter: 6973
     0 | D:1      | 0 ||| qw: Always use a shield: true
     0 | D:1      | 0 ||| qw: God list: Okawaru
     0 | D:1      | 0 ||| qw: Allow faded altars: false
     0 | D:1      | 0 ||| qw: Do Orc after D:15 true
     0 | D:1      | 0 ||| qw: Do second Lair branch before Depths: true
     0 | D:1      | 0 ||| qw: Lair rune preference: random
     0 | D:1      | 0 ||| qw: Plans: Normal
     0 | D:1      | 0 ||| PLANNING D:1-11
   244 | D:1      | Reached skill level 3 in Axes
   318 | D:1      | Gained mutation: You have a pair of small horns on your
                  | head. [demonic ancestry]
   318 | D:1      | Reached XP level 2. HP: 24/24 MP: 3/3
   771 | D:1      | Gained mutation: You are partially covered in rugged brown
                  | scales. (AC +1, +3% HP) [demonic ancestry]
   771 | D:1      | Reached XP level 3. HP: 24/29 MP: 4/4
  1115 | D:1      | 1115 ||| DROPPING +6 ring of intelligence.
  1116 | D:1      | 1116 ||| READING scroll labelled EFYUFE TULI.
  1117 | D:1      | 1117 ||| READING 2 scrolls labelled FESKOA QUETAN.
  1118 | D:1      | 1118 ||| READING scroll labelled KAISER DYSICOKH.
  1119 | D:1      | 1119 ||| READING scroll labelled NAMATEEMOE.
  1120 | D:1      | 1120 ||| DRINKING 2 puce potions.
  1174 | D:2      | 1174 ||| INVOKING Fiery Armour.
  1175 | D:2      | HP: 6/29 [poisoned by an adder]
  1176 | D:2      | Reached skill level 4 in Axes
  1176 | D:2      | 1176 ||| DRINKING potion of curing.
  1176 | D:2      | 1176 ||| (to cure poison)
  1410 | D:2      | 1410 ||| Stepping ~*~*~tactically~*~*~ (hiding).
  1519 | D:2      | 1519 ||| INVOKING Fiery Armour.
  1524 | D:2      | Reached skill level 1 in Dodging
  1535 | D:2      | Reached XP level 4. HP: 12/36 MP: 5/5
  1602 | D:2      | 1602 ||| FLEEEEING.
  1603 | D:2      | 1603 ||| FLEEEEING.
  1604 | D:2      | 1604 ||| FLEEEEING.
  1605 | D:2      | 1605 ||| FLEEEEING.
  1606 | D:2      | 1606 ||| FLEEEEING.
  1607 | D:2      | 1607 ||| FLEEEEING.
  1608 | D:2      | 1608 ||| FLEEEEING.
  1609 | D:2      | 1609 ||| FLEEEEING.
  1610 | D:2      | 1610 ||| FLEEEEING.
  1611 | D:2      | 1611 ||| FLEEEEING.
  1612 | D:2      | 1612 ||| FLEEEEING.
  1613 | D:2      | 1613 ||| FLEEEEING.
  1614 | D:2      | 1614 ||| STAIRDANCE
  1733 | D:1      | 1733 ||| READING 2 scrolls of identify.
  1733 | D:1      | 1733 ||| IDENTIFYING brown potion
  1734 | D:1      | 1734 ||| DROPPING potion of flight.
  1968 | D:2      | Found a snail-covered altar of Cheibriados.
  2043 | D:2      | 2043 ||| Stepping ~*~*~tactically~*~*~ (stealth).
  2338 | D:2      | 2338 ||| UPGRADING to +0 ring mail.
  2348 | D:2      | 2348 ||| DROPPING +0 robe.
  2349 | D:2      | 2349 ||| UPGRADING to +0 plate armour.
  2359 | D:2      | 2359 ||| DROPPING +0 ring mail.
  2360 | D:2      | 2360 ||| READING scroll labelled CADUFU LIETE.
  2365 | D:2      | 2365 ||| READING scroll labelled OCESHU SANK.
  2424 | D:3      | 2424 ||| Stepping ~*~*~tactically~*~*~ (stealth).
  2461 | D:3      | Found a faded altar of an unknown god.
  2515 | D:3      | 2515 ||| Stepping ~*~*~tactically~*~*~ (stealth).
  2515 | D:3      | Noticed Robin
  2516 | D:3      | 2516 ||| INVOKING Fiery Armour.
  2524 | D:3      | Killed Robin
  2525 | D:3      | Reached skill level 1 in Armour
  2574 | D:3      | 2574 ||| Stepping ~*~*~tactically~*~*~ (hiding).
  2812 | D:3      | Reached XP level 5. HP: 34/42 MP: 6/6
  2960 | D:3      | Reached skill level 1 in Throwing
  3198 | D:3      | Found Kopacvaj's Assorted Antiques.
  3204 | D:3      | 3204 ||| BUYING scroll of identify (54 gold).
  3204 | D:3      | Bought a scroll of identify for 54 gold pieces
  3204 | D:3      | 3204 ||| BUYING scroll of teleportation (81 gold).
  3204 | D:3      | Bought a scroll of teleportation for 81 gold pieces
  3220 | D:3      | 3220 ||| UPGRADING to +4 ring of evasion.
  3221 | D:3      | 3221 ||| READING scroll labelled VACOOH WIPLI.
  3289 | D:3      | 3289 ||| DROPPING +0 club.
  3290 | D:3      | 3290 ||| READING 6 scrolls of identify.
  3290 | D:3      | 3290 ||| IDENTIFYING sapphire potion
  3291 | D:3      | 3291 ||| READING 5 scrolls of identify.
  3291 | D:3      | 3291 ||| IDENTIFYING viscous blue potion
  3292 | D:3      | 3292 ||| READING 4 scrolls of identify.
  3292 | D:3      | 3292 ||| IDENTIFYING purple potion
  3293 | D:3      | 3293 ||| READING 3 scrolls of identify.
  3293 | D:3      | 3293 ||| IDENTIFYING viscous purple potion
  3294 | D:3      | 3294 ||| READING 2 scrolls of identify.
  3294 | D:3      | 3294 ||| IDENTIFYING dark potion
  3295 | D:3      | 3295 ||| DROPPING potion of magic.
  3296 | D:3      | 3296 ||| DROPPING potion of ambrosia.
  3297 | D:3      | 3297 ||| DROPPING potion of brilliance.
  3298 | D:3      | 3298 ||| DROPPING potion of invisibility.
  3409 | D:4      | 3409 ||| SWAPPING to +0 war axe.
  3414 | D:4      | 3414 ||| DROPPING -1 hand axe of draining.
  3453 | D:4      | Identified the +4 whip of Vomyakh {vorpal, rElec}
  3455 | D:4      | 3455 ||| DROPPING +4 whip of Vomyakh {vorpal, rElec}.
  3557 | D:4      | Found a transporter.
  3560 | D:4      | Noticed qw's ghost (novice BaCK)
  3599 | D:4      | 3599 ||| Stepping ~*~*~tactically~*~*~ (stealth).
  3619 | D:4      | 3619 ||| INVOKING Fiery Armour.
  3685 | D:4      | 3685 ||| FLEEEEING.
  3686 | D:4      | 3686 ||| FLEEEEING.
  3693 | D:4      | Found a transporter.
  3695 | D:4      | 3695 ||| STAIRDANCE
  3764 | D:3      | 3764 ||| UPGRADING to +0 cloak.
  3769 | D:3      | 3769 ||| READING 2 scrolls of identify.
  3769 | D:3      | 3769 ||| IDENTIFYING clear potion
  3787 | D:4      | 3787 ||| DROPPING +3 mace of protection.
  3964 | D:4      | Found a blossoming altar of Fedhas.
  3965 | D:4      | Found a radiant altar of Vehumet.
  4147 | D:5      | Entered Level 5 of the Dungeon
  4147 | D:5      | Noticed a centaur
  4148 | D:5      | 4148 ||| PLANNING SEWER
  4158 | D:5      | Killed a centaur
  4159 | D:5      | Reached skill level 3 in Armour
  4159 | D:5      | Gained mutation: You have a pair of horns on your head.
                  | [demonic ancestry]
  4159 | D:5      | Reached XP level 6. HP: 39/48 MP: 7/7
  4228 | D:5      | 4228 ||| Stepping ~*~*~tactically~*~*~ (hiding).
  4233 | D:5      | Reached skill level 5 in Axes
  4235 | D:5      | 4235 ||| INVOKING Fiery Armour.
  4236 | D:5      | HP: 7/48 [orc priest/divine providence (12)]
  4237 | D:5      | 4237 ||| READING 2 scrolls of teleportation.
  4498 | D:5      | 4498 ||| Stepping ~*~*~tactically~*~*~ (stealth).
  4500 | D:5      | 4500 ||| Stepping ~*~*~tactically~*~*~ (stealth).
  4514 | D:5      | Found a glowing drain.
  4525 | Sewer    | Entered a sewer
  4751 | Sewer    | 4751 ||| Stepping ~*~*~tactically~*~*~ (water).
  4940 | Sewer    | 4940 ||| INVOKING Fiery Armour.
  4944 | Sewer    | Reached skill level 6 in Axes
  4948 | Sewer    | Gained mutation: You are mostly covered in rugged brown
                  | scales. (AC +2, +5% HP) [demonic ancestry]
  4948 | Sewer    | Reached XP level 7. HP: 43/54 MP: 8/8
  5071 | Sewer    | 5071 ||| READING scroll labelled YLEOVO DUMIHARPH.
  5072 | Sewer    | 5072 ||| DRINKING 2 ruby potions.
  5077 | D:5      | 5077 ||| PLANNING D:1-11
  5081 | D:5      | 5081 ||| Stepping ~*~*~tactically~*~*~ (stealth).
  5259 | D:5      | Noticed a yak
  5264 | D:5      | Noticed a yak
  5264 | D:5      | Noticed a yak
  5264 | D:5      | Noticed a yak
  5265 | D:5      | 5265 ||| Stepping ~*~*~tactically~*~*~ (stealth).
  5266 | D:5      | 5266 ||| Stepping ~*~*~tactically~*~*~ (stealth).
  5268 | D:5      | 5268 ||| Stepping ~*~*~tactically~*~*~ (stealth).
  5277 | D:5      | HP: 11/57 [yak (10)]
  5278 | D:5      | 5278 ||| READING scroll of teleportation.
  5278 | D:5      | Slain by a yak

Levels and vault maps discovered:
D:1:      nagdon_arrival_zigzag_paths, layout_loops_ring
D:2:      layout_basic, basic_altar
D:3:      layout_basic, chequers_ecumenical_altar_island, serial_shops, shop,
          uniq_robin
D:4:      layout_loops_ring, gammafunk_temple_overflow_statue,
          gammafunk_ghost_arena
D:5:      layout_loops_corners, portal_sewer_entry_b,
          chequers_serial_rivers_room_b

Skill      XL: |  1  2  3  4  5  6  7 |
---------------+----------------------+-----
Axes           | 3 4 6 |  6.0
Dodging        | 1 |  1.0
Armour         | 1 3 |  3.0
Throwing       | 1 |  1.0
Fighting       | 4 |  4.4
Spellcasting   | |  1.0
Fire Magic     | |  2.6

Action                   |  1- 3 |  4- 6 |  7- 9 || total
-------------------------+-------+-------+-------++-------
Melee: Hand axe          |    75 |    85 |       ||   160
       Punch             |     2 |       |       ||     2
       Headbutt          |     4 |    29 |     6 ||    39
       War axe           |       |   129 |    32 ||   161
Throw: Javelin           |       |    28 |     8 ||    36
Invok: Fiery Armour      |     2 |     4 |       ||     6
  Use: Scroll            |     4 |    11 |     2 ||    17
       Potion            |     2 |       |     1 ||     3
Armor: Robe              |    17 |     7 |       ||    24
       Plate armour      |       |   133 |    30 ||   163
Dodge: Dodged            |    37 |   112 |    20 ||   169

Table legend:
 A = Non-vault XP
 B = Vault XP
 C = Vault XP percentage of total XP
 D = Non-vault monster count
 E = Vault monster count
 F = Vault count percentage of total count
                 A         B        C        D         E       F
            +---------+---------+-------+---------+---------+-------
      Total |     552 |     385 |  41.1 |      79 |      41 |  34.2
            +---------+---------+-------+---------+---------+-------
        D:1 |      43 |       0 |   0.0 |      25 |       0 |   0.0
        D:2 |      82 |       0 |   0.0 |      18 |       0 |   0.0
        D:3 |      65 |      37 |  36.3 |      14 |      12 |  46.2
        D:4 |      32 |       0 |   0.0 |      12 |       0 |   0.0
        D:5 |     330 |      34 |   9.3 |      10 |       5 |  33.3
      Sewer |       0 |     314 | 100.0 |       0 |      24 | 100.0
            +---------+---------+-------+---------+---------+-------
